 Dungeon Crawl Stone Soup version 0.23-a0-629-gae4348f (webtiles) character file.

41 Lanoc the Magician (level 3, -2/27 HPs)
             Began as a Mummy Skald on Dec 25, 2018.
             Slain by a rat (3 damage)
             ... on level 2 of the Dungeon.
             The game lasted 00:01:35 (946 turns).

Lanoc the Magician (Mummy Skald)                     Turns: 946, Time: 00:01:36

Health: -2/27      AC:  3    Str: 14    XL:     3   Next: 32%
Magic:  7/7        EV: 12    Int: 13    God:
Gold:   75         SH:  0    Dex: 11    Spells: 7/8 levels left

rFire    x . .     SeeInvis .   a - +0 falchion
rCold    + . .     Gourm    .   (no shield)
rNeg     + + +     Faith    .   b - +0 leather armour
rPois    ∞         Spirit   .   (no helmet)
rElec    .         Reflect  .   (no cloak)
rCorr    .         Harm     .   (no gloves)
MR       .....                  (no boots)
Stlth    +.........             (no amulet)
HPRegen  0.09/turn              (no ring)
MPRegen  0.10/turn              (no ring)

@: no status effects
A: no food or potions, fire vulnerability, cold resistance 1, negative energy
resistance 3, torment resistance, unbreathing
a: no special abilities


You were on level 2 of the Dungeon.
You were not hungry.

You visited 1 branch of the dungeon, and saw 2 of its levels.

You collected 75 gold pieces.

Inventory:

Hand Weapons
 a - a +0 falchion (weapon)
Armour
 b - a +0 leather armour (worn)
Scrolls
 c - a scroll of noise {unknown}
 d - a scroll of identify {unknown}
 e - a scroll of fog {unknown}
 f - a scroll of random uselessness {unknown}


   Skills:
 + Level 2.2 Fighting
 * Level 2.1 Long Blades
 + Level 1.1 Armour
 + Level 1.9 Dodging
 + Level 3.0 Spellcasting
 + Level 2.6 Charms


You had 7 spell levels left.
You knew the following spells:

 Your Spells              Type           Power        Failure   Level  Hunger
a - Infusion              Chrm           #...         10%         1    N/A

Your spell library contained the following spells:

 Spells                   Type           Power        Failure   Level  Hunger
 Song of Slaying          Chrm           #.......     14%         2    N/A
 Shroud of Golubria       Chrm/Tloc      #.........   24%         2    N/A
 Spectral Weapon          Hex/Chrm       #.......     43%         3    N/A
 Regeneration             Chrm/Necr      Unusable     N/A         3    N/A

Dungeon Overview and Level Annotations

Branches:
Dungeon (2/15)

Altars:


Innate Abilities, Weirdness & Mutations

You do not eat or drink.
Your flesh is vulnerable to fire.
You are immune to poison.
Your flesh is cold resistant. (rC+)
You are immune to negative energy. (rN+++)
You are immune to unholy pain and torment.
You can survive without breathing.


Message History

You hit the adder.
The adder is severely wounded.
The adder barely misses you.
You riposte.
Your leather armour prevents you from hitting the adder.
The adder is severely wounded.
You hit the adder but do no damage.
The adder is severely wounded.
The adder bites you but does no damage. The adder misses you.
You riposte.
You completely miss the adder.
The adder is severely wounded.
You hit the adder.
The adder is severely wounded.
The adder bites you but does no damage. The adder bites you.
* * * LOW HITPOINT WARNING * * *
You hit the adder.
You kill the adder!
You closely miss the rat.
An adder comes into view.
The rat bites you.
You die...

########################
.$....................>#
######@##############.#
#r# #..# #.# #..# #.#
#####... #.# #.#.....
#.# #####.#..... #.#
#........... #S#
####<.##.### #.....###


You could see an adder (wandering) and a rat.

Vanquished Creatures
  An adder (D:2)
  An ooze (D:1)
  A leopard gecko (D:1)
  4 bats (D:1)
  3 giant cockroaches
  2 goblins (D:1)
  4 hobgoblins
  3 frilled lizards (D:1)
  2 kobolds (D:1)
  6 rats (D:1)
27 creatures vanquished.

Notes
Turn   | Place    | Note
-------+----------+-------------------------------------------
     0 | D:1      | Lanoc the Mummy Skald began the quest for the Orb.
     0 | D:1      | Reached XP level 1. HP: 16/16 MP: 4/4
   160 | D:1      | Reached XP level 2. HP: 19/22 MP: 5/5
   457 | D:1      | Reached skill level 1 in Armour
   611 | D:1      | Reached skill level 3 in Spellcasting
   650 | D:1      | Reached XP level 3. HP: 15/27 MP: 7/7
   944 | D:2      | HP: 1/27 [adder (3)]
   946 | D:2      | Slain by a rat

Vault maps used:
D:1:      dpeg_arrival_snail, hangedman_decor_slide_cut
D:2:      first_ration

Skill      XL: |  1  2 |
---------------+-------+-----
Armour         | 1 |  1.1
Long Blades    | 2 |  2.1
Spellcasting   | 3 |  3.0
Fighting       | |  2.2
Dodging        | |  1.9
Charms         | |  2.6

Action                   || total
-------------------------++-------
Melee: Falchion          ||    76
Armor: Leather armour    ||    31
Dodge: Dodged            ||    51
       Rpst.: Falchion   ||    20

Table legend:
 A = Non-vault XP
 B = Vault XP
 C = Vault XP percentage of total XP
 D = Non-vault monster count
 E = Vault monster count
 F = Vault count percentage of total count
                 A         B        C        D         E       F
            +---------+---------+-------+---------+---------+-------
      Total |      59 |       0 |   0.0 |      27 |       0 |   0.0
            +---------+---------+-------+---------+---------+-------
        D:1 |      42 |       0 |   0.0 |      24 |       0 |   0.0
        D:2 |      17 |       0 |   0.0 |       3 |       0 |   0.0
            +---------+---------+-------+---------+---------+-------
